 Dungeon Crawl Stone Soup version 0.32-a0-520-g344ed53f66 (webtiles) character file.

Game seed: 13644904469717413083

61 promet the Chiller (level 4, 0/32 HPs)
             Began as a Gnoll Wanderer on Feb 27, 2024.
             Slain by Terence
             ... wielding a +0 trident
              (5 damage)
             ... on level 3 of the Dungeon.
             The game lasted 00:10:16 (2333 turns).

promet the Chiller (Gnoll Wanderer)                 Turns: 2333, Time: 00:10:21

Health: 0/32       AC:  7    Str: 13    XL:     4   Next: 7%
Magic:  8/8        EV: 12    Int: 10    God:
Gold:   118        SH:  0    Dex: 13    Spells: 7/8 levels left

rFire   . . .        a - +0 hand axe
rCold   . . .        (no shield)
rNeg    + . .        d - +0 robe
rPois   .            (no helmet)
rElec   .            t - +0 cloak
rCorr   .            k - +0 pair of gloves
SInv    .            g - +2 pair of boots
Will    .....        (no amulet)
Stlth   +++          e - ring of positive energy
HPRegen 0.25/turn    (no ring)
MPRegen 0.11/turn

%: no passive effects
@: no status effects
A: fangs 1, strong nose, distributed training
a: no special abilities


You were on level 3 of the Dungeon.
You visited 1 branch of the dungeon, and saw 3 of its levels.

You collected 118 gold pieces.

Inventory:

Hand Weapons
 a - a +0 hand axe (weapon)
 b - a +0 sling
 c - a +0 short sword
Missiles
 f - 2 boomerangs
 l - 33 stones
Armour
 d - a +0 robe (worn)
 g - a +2 pair of boots (worn)
 k - a +0 pair of gloves (worn)
 t - a +0 cloak (worn)
Jewellery
 e - a ring of positive energy (left hand)
Wands
 o - a wand of digging (7)
 r - a wand of light (5)
Scrolls
 i - a scroll of torment {unknown}
 n - a scroll of vulnerability {unknown}
 q - a scroll of identify
 s - a scroll of teleportation {unknown}
 u - a scroll of amnesia {unknown}
Potions
 h - 2 potions of curing
 m - 2 potions of attraction
 p - a potion of enlightenment


   Skills:
 + Level 1.0 Fighting
 + Level 1.0 Short Blades
 + Level 1.0 Long Blades
 + Level 4.6 Axes
 + Level 1.0 Maces & Flails
 + Level 1.0 Polearms
 + Level 1.0 Staves
 + Level 1.0 Ranged Weapons
 + Level 1.0 Throwing
 + Level 1.0 Armour
 + Level 2.7 Dodging
 + Level 4.2 Stealth
 + Level 1.0 Shields
 + Level 1.0 Unarmed Combat
 + Level 2.9 Spellcasting
 + Level 0.8 Conjurations
 + Level 0.8 Hexes
 + Level 0.8 Summonings
 + Level 0.8 Necromancy
 + Level 0.8 Translocations
 + Level 0.8 Fire Magic
 + Level 5.4 Ice Magic
 + Level 0.8 Air Magic
 + Level 0.8 Earth Magic
 + Level 0.8 Alchemy
 + Level 1.1 Invocations
 + Level 2.7 Evocations
 + Level 1.0 Shapeshifting


You had 7 spell levels left.
You knew the following spells:

 Your Spells              Type           Power      Damage    Failure   Level
a - Freeze                Ice            48%        1d6       3%          1

Your spell library contained the following spells:

 Spells                   Type           Power      Damage    Failure   Level
 Frozen Ramparts          Ice            24%        1d4       9%          3
 Ensorcelled Hibernation  Hex/Ice        14%        N/A       12%         2
 Hailstorm                Conj/Ice       7%         3d5       24%         3


Dungeon Overview and Level Annotations

Branches:
Dungeon (3/15)

Altars:

Shops:
D:1 (

Annotations:
D:3 Terence


Innate Abilities, Weirdness & Mutations

You have very sharp teeth.
Your uncanny sense of smell can sniff out nearby items.
Your experience applies equally to all skills.


Message History

Terence is moderately wounded.
Terence completely misses you.
You hit Terence but do no damage.
Terence is moderately wounded.
Terence closely misses you. Terence hits you with a +0 trident!
You hit Terence.
Terence is moderately wounded.
Terence barely misses you.
You completely miss Terence.
Terence is moderately wounded.
Terence hits you but does no damage.
You barely miss Terence. Your bite misses Terence.
Terence is moderately wounded.
Terence hits you with a +0 trident.
You slash Terence!
Terence is severely wounded.
Terence barely misses you.
You hit Terence.
Terence is severely wounded.
Terence barely misses you.
You hit Terence but do no damage. You bite Terence, but do no damage.
Terence is severely wounded.
Terence completely misses you.
You hit Terence but do no damage.
Terence is severely wounded.
Terence hits you with a +0 trident.
You barely miss Terence.
Terence is severely wounded.
Terence hits you with a +0 trident.
* * * LOW HITPOINT WARNING * * *
You hit Terence but do no damage.
Terence is severely wounded.
Terence barely misses you.
You closely miss Terence.
Terence is severely wounded.
Terence hits you with a +0 trident.
* * * LOW HITPOINT WARNING * * *
Terence hits you with a +0 trident.
You die...
Terence says, "Time to find some more victims."

## .# #.# .# #
..## ∆ .##.
...# ####...
...##
.....##.$..###
#..........#
#@@.......#
#.........#
#.#.....###
#.#........
#.##...####
#.# ##.# #.#
#.# #.
#.####.###....
#
#.............


You could see Terence.

Vanquished Creatures
  A gnoll (D:1)
  2 ribbon worms
  9 endoplasms
  A giant cockroach (D:1)
  A goblin (D:2)
  3 hobgoblins
  3 jackals (D:1)
  5 kobolds
  2 quokkas
  5 ball pythons
  6 bats
  4 frilled lizards
  3 rats (D:1)
45 creatures vanquished.

Notes
Turn   | Place    | Note
-------+----------+-------------------------------------------
     0 | D:1      | promet the Gnoll Wanderer began the quest for the Orb.
     0 | D:1      | promet set off with the following items: a +0 hand axe, a
                  | +0 pair of gloves, a potion of attraction, a +0 robe; and
                  | the following spell memorised: Freeze; and the following
                  | spells available to memorise: Ensorcelled Hibernation,
                  | Hailstorm.
     0 | D:1      | Reached XP level 1. HP: 13/13 MP: 4/4
   165 | D:1      | Reached XP level 2. HP: 16/20 MP: 5/5
   496 | D:1      | Reached XP level 3. HP: 22/25 MP: 7/7
   712 | D:1      | Found Ulanedwi's Antique Weapon Shop.
   872 | D:1      | Reached skill level 1 in Invocations
  1139 | D:1      | Found a faded altar of an unknown god.
  1423 | D:2      | Identified the +0 dagger of Rotation {venom, *Corrode
                  | Will++ Str+2 Int-5}
  1619 | D:2      | Reached skill level 1 in Fighting
  1619 | D:2      | Reached skill level 1 in Short Blades
  1619 | D:2      | Reached skill level 1 in Long Blades
  1619 | D:2      | Reached skill level 1 in Maces & Flails
  1619 | D:2      | Reached skill level 1 in Polearms
  1619 | D:2      | Reached skill level 1 in Staves
  1619 | D:2      | Reached skill level 1 in Ranged Weapons
  1619 | D:2      | Reached skill level 1 in Throwing
  1619 | D:2      | Reached skill level 1 in Armour
  1619 | D:2      | Reached skill level 1 in Shields
  1619 | D:2      | Reached skill level 1 in Unarmed Combat
  2166 | D:2      | Reached skill level 1 in Shapeshifting
  2166 | D:2      | Reached XP level 4. HP: 32/32 MP: 8/8
  2289 | D:3      | Noticed Terence
  2333 | D:3      | Slain by Terence

Illustrated notes

Levels and vault maps discovered:
D:1:      elethiomel_arrival_shortcut, layout_loops_ring,
          hellmonk_ecumenical_altar_run_dry, serial_shops, shop
D:2:      layout_basic
D:3:      layout_loops_ring, mainiacjoe_overflow_alcove_4, minmay_statues_item,
          uniq_crazy_yiuf_cottage, uniq_sigmund, uniq_terence

Skill      XL: |  1  2  3 |
---------------+----------+-----
Invocations    | 1 |  1.1
Fighting       | 1 |  1.0
Short Blades   | 1 |  1.0
Long Blades    | 1 |  1.0
Maces & Flails | 1 |  1.0
Polearms       | 1 |  1.0
Staves         | 1 |  1.0
Ranged Weapons | 1 |  1.0
Throwing       | 1 |  1.0
Armour         | 1 |  1.0
Shields        | 1 |  1.0
Unarmed Combat | 1 |  1.0
Shapeshifting  | 1 |  1.0
Axes           | |  4.6
Dodging        | |  2.7
Stealth        | |  4.2
Spellcasting   | |  2.9
Conjurations   | |  0.8
Hexes          | |  0.8
Summonings     | |  0.8
Necromancy     | |  0.8
Translocations | |  0.8
Fire Magic     | |  0.8
Ice Magic      | |  5.4
Air Magic      | |  0.8
Earth Magic    | |  0.8
Alchemy        | |  0.8
Evocations     | |  2.7

Action                     |  1- 3 |  4- 6 || total
---------------------------+-------+-------++-------
  Melee: Hand axe          |   135 |    49 ||   184
         Bite              |    10 |     8 ||    18
         Dagger            |     2 |       ||     2
         Short sword       |     1 |       ||     1
   Fire: Sling             |    40 |       ||    40
    Use: Scroll            |     1 |     1 ||     2
         Potion            |       |     2 ||     2
   Stab: Sleeping          |     7 |     1 ||     8
 Armour: Robe              |    86 |    27 ||   113
  Dodge: Dodged            |   105 |    27 ||   132
         Repelled          |       |     1 ||     1

Table legend: (Time is in decaauts)
 A = Elapsed time spent in this place.
 B = Non-inter-level travel time spent in this place.
 C = Inter-level travel time spent in this place.
 D = Time resting spent in this place.
 E = Time spent auto-exploring this place.
 F = Levels seen in this place.
 G = Mean time per level.
                   A        B        C        D        E       F      G
               +--------+--------+--------+--------+--------+-----+--------+
         Total |   2353 |   2234 |    119 |    479 |    835 |   3 |  784.3 |
       Dungeon |   2353 |   2234 |    119 |    479 |    835 |   3 |  784.3 |
               +--------+--------+--------+--------+--------+-----+--------+

Top non-repeatable levels by time:
     D:1: 1238 daAuts
     D:2: 928 daAuts
     D:3: 186 daAuts
